3226 views
Uploaded 2020-05-09 21:43:00
Game version 1.32.4 / 1.32.5
25:06 long 4on4 ladder game on (8)Sanctuary_LV
Saved by Brunt
3226 views
Uploaded 2020-05-09 21:43:00
Game version 1.32.4 / 1.32.5
25:06 long 4on4 ladder game on (8)Sanctuary_LV


212 units @ 30.8k
/ 4k
83 buildings @ 11.6k
/ 4.5k

| Orb of Venom | 1 | 325 |
| Scroll of Town Portal | 1 | 350 |
| total: | 2 | 675g |
| Wisp | 26 | 1560 | / | 0 |
| Archer | 28 | 3640 | / | 280 |
| Hippogryph | 17 | 2720 | / | 340 |
| Faerie Dragon | 10 | 1550 | / | 250 |
| Glaive Thrower | 10 | 2100 | / | 650 |
| Druid of the Talon | 9 | 1305 | / | 180 |
| total: | 100 | 12875g | / | 1700w |
| Altar of Elders | 1 | 180 | / | 50 |
| Moon Well | 8 | 1440 | / | 320 |
| Ancient of War | 1 | 150 | / | 60 |
| Ancient of Wonders | 1 | 90 | / | 30 |
| Hunter's Hall | 1 | 210 | / | 100 |
| Tree of Life | 1 | 340 | / | 185 |
| Ancient of Wind | 2 | 300 | / | 280 |
| Tree of Ages | 1 | 320 | / | 180 |
| Tree of Eternity | 1 | 330 | / | 200 |
| total: | 15 | 2710g | / | 1025w |
| 0:04 | Wisp |
| 0:04 | Wisp |
| 0:04 | Wisp |
| 0:10 | Altar of Elders |
| 0:13 | Moon Well |
| 0:37 | Wisp |
| 0:37 | Wisp |
| 0:37 | Wisp |
| 0:37 | Wisp |
| 0:55 | Ancient of War |
| 1:24 | Moon Well |
| 1:31 | Wisp |
| 1:31 | Wisp |
| 1:33 | Wisp |
| 1:33 | Wisp |
| 1:35 | Wisp |
| 1:41 | Wisp |
| 2:00 | Archer |
| 2:07 | Moon Well |
| 2:12 | Scout |
| 2:18 | Archer |
| 2:29 | Ancient of Wonders |
| 2:35 | Archer |
| 2:50 | Archer |
| 3:11 | Archer |
| 3:24 | Hunter's Hall |
| 3:43 | Archer |
| 3:51 | Archer |
| 4:31 | Tree of Life |
| 4:36 | Strength of the Moon |
| 4:40 | Trueshot Aura |
| 4:59 | Archer |
| 5:03 | Tree of Ages |
| 5:07 | Ultravision |
| 5:44 | Moon Armor |
| 5:46 | Archer |
| 5:48 | Archer |
| 6:04 | Moon Well |
| 6:14 | Archer |
| 6:30 | Archer |
| 7:06 | Moon Well |
| 7:13 | Wisp |
| 7:13 | Wisp |
| 7:13 | Wisp |
| 7:13 | Wisp |
| 7:14 | Wisp |
| 7:14 | Wisp |
| 7:34 | Trueshot Aura |
| 7:41 | Improved Bows |
| 7:47 | Ancient of Wind |
| 7:49 | Improved Strength of the Moon |
| 8:30 | Ancient of Wind |
| 8:33 | Wisp |
| 8:33 | Wisp |
| 8:33 | Wisp |
| 8:34 | Wisp |
| 8:34 | Wisp |
| 8:34 | Wisp |
| 8:34 | Wisp |
| 8:58 | Hippogryph |
| 8:59 | Hippogryph |
| 9:00 | Hippogryph |
| 9:01 | Hippogryph |
| 9:40 | Hippogryph |
| 9:40 | Hippogryph |
| 9:41 | Hippogryph |
| 9:41 | Hippogryph |
| 9:41 | Hippogryph |
| 9:41 | Hippogryph |
| 10:12 | Tree of Eternity |
| 10:15 | Hippogryph |
| 11:09 | Hippogryph |
| 11:11 | Improved Moon Armor |
| 11:25 | Scout |
| 12:34 | Advanced Strength of the Moon |
| 12:36 | Marksmanship |
| 12:39 | Advanced Moon Armor |
| 12:40 | Well Spring |
| 13:11 | Druid of the Talon Adept Training |
| 13:18 | Moon Well |
| 13:21 | Moon Well |
| 13:24 | Moon Well |
| 14:19 | Faerie Dragon |
| 14:20 | Faerie Dragon |
| 14:21 | Druid of the Talon Master Training |
| 14:55 | Strength of the Wild |
| 15:57 | Trueshot Aura |
| 17:03 | Mark of the Talon |
| 17:05 | Faerie Dragon |
| 17:05 | Faerie Dragon |
| 17:05 | Faerie Dragon |
| 17:05 | Faerie Dragon |
| 17:05 | Faerie Dragon |
| 17:20 | Improved Strength of the Wild |
| 17:21 | Archer |
| 17:22 | Archer |
| 17:22 | Archer |
| 17:22 | Archer |
| 17:22 | Archer |
| 17:23 | Archer |
| 17:23 | Archer |
| 17:26 | Glaive Thrower |
| 17:26 | Glaive Thrower |
| 17:27 | Glaive Thrower |
| 17:29 | Vorpal Blades |
| 17:30 | Glaive Thrower |
| 17:30 | Glaive Thrower |
| 17:30 | Glaive Thrower |
| 17:30 | Glaive Thrower |
| 17:31 | Glaive Thrower |
| 17:31 | Glaive Thrower |
| 17:37 | Starfall |
| 18:15 | Druid of the Talon |
| 18:15 | Druid of the Talon |
| 18:20 | Hippogryph |
| 18:20 | Hippogryph |
| 18:21 | Hippogryph |
| 18:26 | Archer |
| 18:26 | Archer |
| 18:27 | Archer |
| 18:27 | Archer |
| 18:27 | Archer |
| 18:27 | Archer |
| 18:27 | Archer |
| 18:48 | Orb of Venom |
| 18:56 | Scroll of Town Portal |
| 19:17 | Archer |
| 19:18 | Archer |
| 19:32 | Faerie Dragon |
| 19:32 | Faerie Dragon |
| 20:25 | Advanced Strength of the Wild |
| 20:25 | Reinforced Hides |
| 20:53 | Hippogryph |
| 20:54 | Hippogryph |
| 21:15 | Druid of the Talon |
| 21:15 | Druid of the Talon |
| 21:17 | Druid of the Talon |
| 21:17 | Druid of the Talon |
| 21:28 | Glaive Thrower |
| 23:17 | Scout |
| 23:32 | Faerie Dragon |
| 23:33 | Druid of the Talon |
| 23:34 | Druid of the Talon |
| 23:35 | Druid of the Talon |
| 24:34 | Improved Reinforced Hides |
| 24:36 | Searing Arrows |
| Select | 406 |
| Right click | 281 |
| Misc. action | 224 |
| Build/train/purchase | 171 |
| Select group | 160 |
| Chat | 78 |
| Remove unit | 25 |
| Assign group | 19 |
| Use ability | 4 |
| Item give/drop | 1 |



| Staff of Sanctuary | 2 | 500 |
| Orb of Fire | 1 | 325 |
| Scroll of Town Portal | 2 | 700 |
| total: | 5 | 1525g |
| Peasant | 10 | 750 | / | 0 |
| Footman | 7 | 945 | / | 0 |
| Rifleman | 10 | 2050 | / | 300 |
| Priest | 6 | 810 | / | 60 |
| Knight | 5 | 1225 | / | 300 |
| Spell Breaker | 4 | 860 | / | 120 |
| Goblin Shredder | 1 | 375 | / | 100 |
| total: | 43 | 7015g | / | 880w |
| Scout Tower | 4 | 120 | / | 80 |
| Arcane Tower | 1 | 70 | / | 50 |
| Guard Tower | 2 | 140 | / | 100 |
| Altar of Kings | 2 | 360 | / | 100 |
| Farm | 13 | 1040 | / | 260 |
| Barracks | 3 | 480 | / | 180 |
| Town Hall | 2 | 770 | / | 410 |
| Blacksmith | 1 | 140 | / | 60 |
| Arcane Vault | 1 | 130 | / | 30 |
| Lumber Mill | 1 | 120 | / | 0 |
| Arcane Sanctum | 2 | 300 | / | 280 |
| Keep | 1 | 320 | / | 210 |
| Castle | 1 | 360 | / | 210 |
| total: | 29 | 3460g | / | 1400w |
| 0:01 | Peasant |
| 0:06 | Altar of Kings |
| 0:11 | Peasant |
| 0:18 | Farm |
| 0:20 | Barracks |
| 0:21 | Peasant |
| 0:41 | Peasant |
| 0:49 | Farm |
| 0:53 | Peasant |
| 1:01 | Peasant |
| 1:17 | Peasant |
| 1:21 | Footman |
| 1:21 | Footman |
| 1:33 | Peasant |
| 1:37 | Footman |
| 1:48 | Peasant |
| 1:58 | Footman |
| 2:05 | Farm |
| 2:07 | Summon Water Elemental |
| 3:17 | Footman |
| 3:20 | Brilliance Aura |
| 3:32 | Town Hall |
| 3:46 | Footman |
| 3:51 | Peasant |
| 3:59 | Blacksmith |
| 4:59 | Summon Water Elemental |
| 5:01 | Goblin Shredder |
| 5:14 | Arcane Vault |
| 5:23 | Rifleman |
| 5:42 | Barracks |
| 5:47 | Lumber Mill |
| 5:50 | Rifleman |
| 6:03 | Keep |
| 6:31 | Rifleman |
| 6:35 | Black Gunpowder |
| 6:59 | Rifleman |
| 7:02 | Studded Leather Armor |
| 7:09 | Scout Tower |
| 7:12 | Rifleman |
| 7:53 | Arcane Tower |
| 8:28 | Farm |
| 8:30 | Farm |
| 8:42 | Castle |
| 8:43 | Arcane Sanctum |
| 8:48 | Arcane Sanctum |
| 8:51 | Refined Gunpowder |
| 8:51 | Reinforced Leather Armor |
| 9:02 | Improved Masonry |
| 9:57 | Brilliance Aura |
| 10:13 | Holy Light |
| 10:14 | Priest |
| 10:14 | Priest Adept Training |
| 11:05 | Imbued Gunpowder |
| 11:06 | Sundering Blades |
| 11:06 | Animal War Training |
| 11:07 | Long Rifles |
| 11:32 | Priest |
| 11:49 | Farm |
| 11:50 | Farm |
| 11:51 | Farm |
| 11:53 | Farm |
| 11:54 | Farm |
| 11:57 | Farm |
| 11:59 | Dragonhide Armor |
| 11:59 | Iron Forged Swords |
| 12:00 | Iron Plating |
| 12:21 | Priest Master Training |
| 12:45 | Knight |
| 13:40 | Knight |
| 14:09 | Divine Shield |
| 14:48 | Flame Strike |
| 14:52 | Control Magic |
| 14:52 | Spell Breaker |
| 14:59 | Staff of Sanctuary |
| 14:59 | Orb of Fire |
| 15:43 | Divine Shield |
| 15:48 | Summon Water Elemental |
| 16:00 | Altar of Kings |
| 16:03 | Siphon Mana |
| 16:13 | Rifleman |
| 16:13 | Priest |
| 16:14 | Priest |
| 16:17 | Flame Strike |
| 17:00 | Rifleman |
| 17:01 | Priest |
| 17:30 | Steel Forged Swords |
| 17:31 | Steel Plating |
| 17:52 | Siphon Mana |
| 18:23 | Barracks |
| 18:52 | Scout Tower |
| 18:56 | Scout Tower |
| 19:08 | Footman |
| 19:10 | Rifleman |
| 19:10 | Rifleman |
| 19:12 | Priest |
| 19:21 | Guard Tower |
| 19:22 | Guard Tower |
| 19:27 | Staff of Sanctuary |
| 19:38 | Farm |
| 19:39 | Farm |
| 19:58 | Rifleman |
| 20:01 | Knight |
| 20:21 | Scroll of Town Portal |
| 20:39 | Town Hall |
| 20:42 | Mithril Forged Swords |
| 20:42 | Mithril Plating |
| 20:44 | Knight |
| 21:04 | Magic Sentry |
| 21:04 | Spell Breaker |
| 22:39 | Spell Breaker |
| 22:39 | Spell Breaker |
| 22:54 | Scroll of Town Portal |
| 23:07 | Scout Tower |
| 23:18 | Knight |
| 23:48 | Holy Light |
| 23:50 | Flame Strike |
| 23:53 | Mass Teleport |
| Select group | 1022 |
| Right click | 872 |
| Select | 376 |
| Build/train/purchase | 117 |
| Assign group | 83 |
| Misc. action | 71 |
| Use ability | 43 |
| Chat | 17 |
| Minimap ping | 6 |
| Item give/drop | 2 |
| Remove unit | 2 |

| Scroll of Regeneration | 3 | 300 |
| Lesser Clarity Potion | 2 | 140 |
| Scroll of Town Portal | 4 | 1400 |
| Scroll of Protection | 1 | 150 |
| total: | 10 | 1990g |
| Peasant | 9 | 675 | / | 0 |
| Footman | 4 | 540 | / | 0 |
| Rifleman | 14 | 2870 | / | 420 |
| Priest | 4 | 540 | / | 40 |
| Sorceress | 3 | 465 | / | 60 |
| Spell Breaker | 1 | 215 | / | 30 |
| Goblin Shredder | 1 | 375 | / | 100 |
| total: | 36 | 5680g | / | 650w |
| Scout Tower | 1 | 30 | / | 20 |
| Arcane Tower | 1 | 70 | / | 50 |
| Barracks | 2 | 320 | / | 120 |
| Farm | 13 | 1040 | / | 260 |
| Altar of Kings | 1 | 180 | / | 50 |
| Arcane Vault | 1 | 130 | / | 30 |
| Blacksmith | 1 | 140 | / | 60 |
| Lumber Mill | 1 | 120 | / | 0 |
| Town Hall | 2 | 770 | / | 410 |
| Arcane Sanctum | 2 | 300 | / | 280 |
| Keep | 1 | 320 | / | 210 |
| Castle | 1 | 360 | / | 210 |
| total: | 24 | 3030g | / | 1230w |
| 0:03 | Peasant |
| 0:04 | Peasant |
| 0:04 | Peasant |
| 0:24 | Barracks |
| 0:38 | Farm |
| 0:41 | Peasant |
| 0:41 | Peasant |
| 0:51 | Altar of Kings |
| 1:03 | Peasant |
| 1:05 | Farm |
| 1:25 | Footman |
| 1:25 | Footman |
| 1:29 | Peasant |
| 1:29 | Peasant |
| 1:41 | Farm |
| 1:44 | Farm |
| 1:48 | Peasant |
| 2:03 | Footman |
| 2:17 | Scout Tower |
| 2:19 | Footman |
| 2:26 | Arcane Vault |
| 2:43 | Farm |
| 2:44 | Arcane Tower |
| 2:51 | Summon Water Elemental |
| 3:21 | Blacksmith |
| 3:27 | Lumber Mill |
| 4:25 | Rifleman |
| 4:25 | Rifleman |
| 4:28 | Farm |
| 4:28 | Farm |
| 4:31 | Brilliance Aura |
| 4:57 | Keep |
| 4:58 | Black Gunpowder |
| 5:14 | Rifleman |
| 5:38 | Rifleman |
| 5:44 | Summon Water Elemental |
| 5:53 | Goblin Shredder |
| 6:09 | Barracks |
| 7:21 | Rifleman |
| 7:23 | Scroll of Regeneration |
| 7:25 | Lesser Clarity Potion |
| 7:47 | Town Hall |
| 7:58 | Town Hall |
| 8:13 | Scroll of Regeneration |
| 8:29 | Scroll of Town Portal |
| 9:05 | Arcane Sanctum |
| 9:05 | Arcane Sanctum |
| 9:27 | Brilliance Aura |
| 9:44 | Rifleman |
| 9:59 | Rifleman |
| 10:37 | Rifleman |
| 10:40 | Priest |
| 10:40 | Sorceress |
| 10:44 | Farm |
| 10:44 | Farm |
| 11:05 | Sorceress |
| 11:25 | Lesser Clarity Potion |
| 11:40 | Long Rifles |
| 11:41 | Rifleman |
| 12:05 | Refined Gunpowder |
| 12:05 | Studded Leather Armor |
| 12:09 | Priest Adept Training |
| 12:09 | Sorceress Adept Training |
| 12:25 | Summon Water Elemental |
| 13:08 | Rifleman |
| 13:10 | Priest |
| 13:27 | Scroll of Protection |
| 13:36 | Priest |
| 13:41 | Castle |
| 13:45 | Rifleman |
| 13:50 | Farm |
| 13:51 | Farm |
| 14:19 | Spell Breaker |
| 14:22 | Reinforced Leather Armor |
| 15:32 | Scroll of Town Portal |
| 15:50 | Rifleman |
| 16:09 | Mass Teleport |
| 17:06 | Rifleman |
| 17:08 | Priest Master Training |
| 17:08 | Sorceress Master Training |
| 17:43 | Imbued Gunpowder |
| 17:43 | Dragonhide Armor |
| 17:45 | Rifleman |
| 18:18 | Priest |
| 18:20 | Sorceress |
| 18:36 | Brilliance Aura |
| 20:22 | Scroll of Town Portal |
| 21:09 | Scroll of Town Portal |
| 21:19 | Scroll of Regeneration |
| 21:33 | Blizzard |
| 23:24 | Blizzard |
| 24:19 | Farm |
| 24:20 | Farm |
| 24:28 | Blizzard |
| Right click | 942 |
| Select | 676 |
| Chat | 166 |
| Build/train/purchase | 126 |
| Use ability | 29 |
| Select group | 28 |
| Assign group | 5 |
| Misc. action | 3 |
| Item give/drop | 3 |
| Minimap ping | 1 |



| Rod of Necromancy | 2 | 300 |
| Orb of Corruption | 1 | 375 |
| Potion of Healing | 5 | 750 |
| Potion of Mana | 1 | 200 |
| Scroll of Healing | 3 | 750 |
| Scroll of Town Portal | 2 | 700 |
| Potion of Lesser Invulnerability | 2 | 300 |
| Scroll of Regeneration | 1 | 100 |
| total: | 17 | 3475g |
| Acolyte | 11 | 825 | / | 0 |
| Ghoul | 2 | 240 | / | 0 |
| Crypt Fiend | 14 | 3010 | / | 560 |
| Obsidian Statue | 6 | 1200 | / | 210 |
| total: | 33 | 5275g | / | 770w |
| Nerubian Tower | 2 | 200 | / | 40 |
| Spirit Tower | 1 | 145 | / | 40 |
| Ziggurat | 7 | 1050 | / | 350 |
| Altar of Darkness | 1 | 180 | / | 50 |
| Crypt | 1 | 200 | / | 50 |
| Graveyard | 1 | 215 | / | 0 |
| Tomb of Relics | 1 | 130 | / | 30 |
| Necropolis | 1 | 225 | / | 0 |
| Slaughterhouse | 3 | 420 | / | 405 |
| Halls of the Dead | 2 | 640 | / | 420 |
| Black Citadel | 2 | 650 | / | 460 |
| total: | 15 | 2420g | / | 885w |
| 0:05 | Acolyte |
| 0:08 | Ziggurat |
| 0:10 | Altar of Darkness |
| 0:26 | Crypt |
| 0:35 | Acolyte |
| 0:35 | Acolyte |
| 0:51 | Acolyte |
| 1:09 | Graveyard |
| 1:26 | Ghoul |
| 1:29 | Tomb of Relics |
| 1:46 | Ghoul |
| 2:05 | Ziggurat |
| 2:11 | Death Coil |
| 2:29 | Crypt Fiend |
| 2:30 | Crypt Fiend |
| 2:33 | Rod of Necromancy |
| 2:33 | Rod of Necromancy |
| 2:59 | Crypt Fiend |
| 3:36 | Halls of the Dead |
| 3:47 | Crypt Fiend |
| 3:47 | Crypt Fiend |
| 4:00 | Nerubian Tower |
| 4:20 | Crypt Fiend |
| 4:21 | Crypt Fiend |
| 4:30 | Unholy Aura |
| 4:36 | Ziggurat |
| 4:51 | Creature Attack |
| 4:52 | Improved Creature Attack |
| 5:44 | Crypt Fiend |
| 5:44 | Crypt Fiend |
| 5:54 | Death Coil |
| 6:29 | Slaughterhouse |
| 6:32 | Slaughterhouse |
| 6:44 | Ziggurat |
| 7:09 | Frost Nova |
| 7:41 | Black Citadel |
| 8:20 | Web |
| 8:20 | Crypt Fiend |
| 8:22 | Obsidian Statue |
| 9:16 | Unholy Aura |
| 9:20 | Obsidian Statue |
| 9:44 | Frost Armor |
| 10:10 | Burrow |
| 10:29 | Necropolis |
| 10:34 | Ziggurat |
| 10:53 | Destroyer Form |
| 10:55 | Creature Carapace |
| 10:55 | Improved Creature Carapace |
| 11:13 | Frost Nova |
| 11:29 | Acolyte |
| 11:30 | Acolyte |
| 11:30 | Acolyte |
| 11:30 | Acolyte |
| 11:42 | Slaughterhouse |
| 11:55 | Ziggurat |
| 11:57 | Ziggurat |
| 12:54 | Obsidian Statue |
| 13:17 | Acolyte |
| 13:17 | Acolyte |
| 13:20 | Spirit Tower |
| 13:43 | Potion of Lesser Invulnerability |
| 13:44 | Scroll of Healing |
| 13:51 | Orb of Corruption |
| 13:52 | Potion of Healing |
| 14:03 | Acolyte |
| 14:08 | Advanced Creature Attack |
| 15:32 | Death Coil |
| 15:43 | Frost Armor |
| 15:49 | Crypt Fiend |
| 15:50 | Obsidian Statue |
| 16:29 | Crypt Fiend |
| 16:31 | Obsidian Statue |
| 16:47 | Animate Dead |
| 18:11 | Crypt Fiend |
| 18:31 | Potion of Mana |
| 18:36 | Scroll of Healing |
| 18:36 | Potion of Healing |
| 18:53 | Scroll of Town Portal |
| 18:55 | Potion of Healing |
| 20:38 | Potion of Lesser Invulnerability |
| 20:40 | Scroll of Healing |
| 21:00 | Potion of Healing |
| 21:14 | Obsidian Statue |
| 21:18 | Impale |
| 21:23 | Advanced Creature Carapace |
| 22:46 | Frost Nova |
| 22:48 | Spiked Carapace |
| 22:54 | Unholy Aura |
| 22:54 | Unholy Aura |
| 23:15 | Scroll of Regeneration |
| 23:21 | Scroll of Town Portal |
| 23:21 | Potion of Healing |
| 23:59 | Death and Decay |
| 24:01 | Impale |
| 24:21 | Crypt Fiend |
| Right click | 964 |
| Select group | 632 |
| Select | 411 |
| Build/train/purchase | 150 |
| Misc. action | 139 |
| Use ability | 92 |
| Assign group | 71 |
| Item give/drop | 9 |
| Esc | 3 |
177 units @ 26.2k
/ 3.8k
71 buildings @ 12.5k
/ 4.8k


| Healing Salve | 3 | 300 |
| Orb of Lightning | 1 | 375 |
| Lesser Clarity Potion | 1 | 70 |
| Scroll of Town Portal | 1 | 350 |
| Potion of Lesser Invulnerability | 1 | 150 |
| total: | 7 | 1245g |
| Peon | 16 | 1200 | / | 0 |
| Troll Headhunter | 9 | 1260 | / | 180 |
| Shaman | 12 | 1560 | / | 240 |
| Troll Berserker | 6 | 840 | / | 120 |
| Troll Batrider | 2 | 320 | / | 80 |
| total: | 45 | 5180g | / | 620w |
| Altar of Storms | 1 | 180 | / | 50 |
| Orc Burrow | 8 | 1280 | / | 320 |
| War Mill | 1 | 205 | / | 0 |
| Barracks | 2 | 360 | / | 100 |
| Voodoo Lounge | 1 | 130 | / | 30 |
| Great Hall | 2 | 770 | / | 370 |
| Spirit Lodge | 2 | 300 | / | 300 |
| Beastiary | 2 | 290 | / | 280 |
| Stronghold | 1 | 315 | / | 190 |
| Fortress | 1 | 325 | / | 190 |
| total: | 19 | 3515g | / | 1450w |
| 0:02 | Peon |
| 0:02 | Peon |
| 0:13 | Peon |
| 0:17 | Altar of Storms |
| 0:25 | Peon |
| 0:33 | Orc Burrow |
| 0:49 | War Mill |
| 0:54 | Peon |
| 1:04 | Barracks |
| 1:13 | Peon |
| 1:34 | Peon |
| 1:40 | Orc Burrow |
| 1:54 | Peon |
| 2:05 | Troll Headhunter |
| 2:11 | Voodoo Lounge |
| 2:24 | Feral Spirit |
| 2:31 | Troll Headhunter |
| 2:48 | Orc Burrow |
| 2:55 | Troll Headhunter |
| 3:12 | Troll Headhunter |
| 3:36 | Stronghold |
| 3:44 | Chain Lighting |
| 4:15 | Great Hall |
| 4:32 | Troll Headhunter |
| 4:40 | Feral Spirit |
| 4:49 | Orc Burrow |
| 4:58 | Steel Ranged Weapons |
| 5:53 | Healing Salve |
| 5:58 | Healing Salve |
| 6:19 | Troll Regeneration |
| 6:21 | Peon |
| 6:39 | Fortress |
| 6:41 | Barracks |
| 6:44 | Spirit Lodge |
| 7:11 | Chain Lighting |
| 7:21 | Troll Headhunter |
| 7:23 | Thorium Ranged Weapons |
| 7:24 | Steel Armor |
| 7:39 | Troll Headhunter |
| 7:57 | Shaman Adept Training |
| 8:08 | Troll Headhunter |
| 8:12 | Shaman |
| 8:14 | Peon |
| 8:14 | Peon |
| 8:15 | Peon |
| 8:15 | Peon |
| 9:05 | Berserker Upgrade |
| 9:07 | Troll Headhunter |
| 10:00 | War Stomp |
| 10:28 | Troll Berserker |
| 10:28 | Troll Berserker |
| 10:29 | Shaman |
| 10:31 | Shaman Master Training |
| 10:34 | Peon |
| 10:34 | Peon |
| 10:34 | Peon |
| 10:38 | Spirit Lodge |
| 10:54 | Orb of Lightning |
| 10:54 | Healing Salve |
| 11:03 | Orc Burrow |
| 11:15 | Troll Berserker |
| 11:42 | Shaman |
| 11:56 | Shaman |
| 11:57 | Shaman |
| 12:24 | Orc Burrow |
| 12:37 | Thorium Armor |
| 12:43 | Lesser Clarity Potion |
| 12:50 | Shaman |
| 12:51 | Shaman |
| 13:50 | Shaman |
| 14:12 | Arcanite Ranged Weapons |
| 14:59 | Troll Berserker |
| 15:00 | Shaman |
| 16:10 | Feral Spirit |
| 16:12 | Troll Berserker |
| 16:12 | Troll Berserker |
| 16:41 | Endurance Aura |
| 16:47 | Endurance Aura |
| 16:59 | Shaman |
| 17:01 | Shaman |
| 17:18 | Orc Burrow |
| 17:18 | Orc Burrow |
| 17:21 | Shaman |
| 19:22 | Scroll of Town Portal |
| 19:23 | Potion of Lesser Invulnerability |
| 19:39 | Great Hall |
| 19:46 | Beastiary |
| 19:49 | Beastiary |
| 21:25 | Troll Batrider |
| 21:26 | Troll Batrider |
| 23:31 | Earth Quake |
| Right click | 896 |
| Select | 339 |
| Select group | 266 |
| Build/train/purchase | 98 |
| Assign group | 29 |
| Misc. action | 26 |
| Use ability | 23 |
| Resource trade | 20 |
| Minimap ping | 15 |
| Item give/drop | 4 |
| Remove unit | 1 |



| Healing Salve | 4 | 400 |
| Lesser Clarity Potion | 3 | 210 |
| total: | 7 | 610g |
| Peon | 19 | 1425 | / | 0 |
| Grunt | 10 | 2000 | / | 0 |
| Troll Witch Doctor | 10 | 1450 | / | 250 |
| Tauren | 12 | 3360 | / | 960 |
| Troll Batrider | 3 | 480 | / | 120 |
| total: | 54 | 8715g | / | 1330w |
| Altar of Storms | 1 | 180 | / | 50 |
| Orc Burrow | 8 | 1280 | / | 320 |
| Barracks | 1 | 180 | / | 50 |
| Voodoo Lounge | 2 | 260 | / | 60 |
| Great Hall | 1 | 385 | / | 185 |
| War Mill | 1 | 205 | / | 0 |
| Spirit Lodge | 2 | 300 | / | 300 |
| Tauren Totem | 2 | 270 | / | 310 |
| Beastiary | 1 | 145 | / | 140 |
| Stronghold | 1 | 315 | / | 190 |
| Fortress | 1 | 325 | / | 190 |
| total: | 19 | 3205g | / | 1415w |
| 0:04 | Peon |
| 0:04 | Peon |
| 0:18 | Altar of Storms |
| 0:25 | Orc Burrow |
| 0:28 | Peon |
| 0:46 | Barracks |
| 0:49 | Peon |
| 0:59 | Peon |
| 1:03 | Peon |
| 1:20 | Peon |
| 1:27 | Orc Burrow |
| 1:33 | Peon |
| 1:44 | Peon |
| 2:02 | Grunt |
| 2:13 | Grunt |
| 2:31 | Voodoo Lounge |
| 2:37 | Feral Spirit |
| 2:44 | Peon |
| 3:16 | Peon |
| 3:18 | Grunt |
| 3:22 | Stronghold |
| 4:31 | Grunt |
| 4:33 | Healing Salve |
| 4:33 | Lesser Clarity Potion |
| 4:44 | Healing Salve |
| 4:52 | Orc Burrow |
| 5:42 | Great Hall |
| 5:53 | Grunt |
| 5:55 | Berserker Strength |
| 6:13 | Chain Lighting |
| 6:23 | Fortress |
| 7:04 | Grunt |
| 7:07 | Healing Salve |
| 7:09 | Lesser Clarity Potion |
| 7:12 | Lesser Clarity Potion |
| 7:12 | Healing Salve |
| 7:15 | Hex |
| 7:17 | Feral Spirit |
| 7:25 | Spirit Lodge |
| 7:55 | Spirit Lodge |
| 8:00 | Grunt |
| 8:05 | War Mill |
| 8:12 | Orc Burrow |
| 9:25 | Witch Doctor Adept Training |
| 9:25 | Troll Witch Doctor |
| 9:56 | Healing Wave |
| 10:37 | Grunt |
| 10:38 | Witch Doctor Master Training |
| 10:42 | Tauren Totem |
| 10:44 | Tauren Totem |
| 10:46 | Orc Burrow |
| 10:48 | Steel Armor |
| 10:53 | Grunt |
| 10:55 | Steel Melee Weapons |
| 10:59 | Chain Lighting |
| 11:24 | Troll Witch Doctor |
| 11:26 | Grunt |
| 11:38 | Peon |
| 11:39 | Peon |
| 11:39 | Peon |
| 11:39 | Peon |
| 12:07 | Tauren |
| 12:24 | Tauren |
| 12:34 | Troll Witch Doctor |
| 12:50 | War Stomp |
| 12:58 | Troll Witch Doctor |
| 12:59 | Pulverize |
| 13:00 | Tauren |
| 13:05 | Hex |
| 13:33 | Tauren |
| 13:37 | Orc Burrow |
| 13:39 | Orc Burrow |
| 13:43 | Peon |
| 13:44 | Peon |
| 13:44 | Peon |
| 14:21 | Tauren |
| 14:53 | Tauren |
| 15:39 | Endurance Aura |
| 16:13 | Tauren |
| 16:15 | Troll Witch Doctor |
| 16:37 | Tauren |
| 16:43 | Feral Spirit |
| 17:14 | Troll Witch Doctor |
| 17:16 | Thorium Armor |
| 17:18 | Orc Burrow |
| 17:21 | Beastiary |
| 17:54 | Healing Wave |
| 18:37 | Troll Witch Doctor |
| 18:38 | Tauren |
| 19:05 | Troll Witch Doctor |
| 19:18 | Troll Witch Doctor |
| 19:33 | Voodoo Lounge |
| 19:54 | Tauren |
| 19:57 | Peon |
| 20:20 | Tauren |
| 21:05 | Tauren |
| 21:09 | Troll Witch Doctor |
| 21:11 | Troll Batrider |
| 21:17 | Troll Batrider |
| 21:49 | Troll Batrider |
| 22:45 | Earth Quake |
| Right click | 653 |
| Select | 366 |
| Build/train/purchase | 124 |
| Use ability | 58 |
| Select group | 11 |
| Minimap ping | 8 |
| Remove unit | 6 |
| Assign group | 4 |
| Item give/drop | 2 |


| Healing Salve | 2 | 200 |
| Lesser Clarity Potion | 2 | 140 |
| Scroll of Town Portal | 2 | 700 |
| Scroll of Healing | 1 | 250 |
| total: | 7 | 1290g |
| Peon | 20 | 1500 | / | 0 |
| Grunt | 11 | 2200 | / | 0 |
| Tauren | 11 | 3080 | / | 880 |
| total: | 42 | 6780g | / | 880w |
| Altar of Storms | 1 | 180 | / | 50 |
| Orc Burrow | 11 | 1760 | / | 440 |
| Voodoo Lounge | 1 | 130 | / | 30 |
| Barracks | 2 | 360 | / | 100 |
| War Mill | 1 | 205 | / | 0 |
| Great Hall | 1 | 385 | / | 185 |
| Tauren Totem | 2 | 270 | / | 310 |
| Stronghold | 1 | 315 | / | 190 |
| Fortress | 1 | 325 | / | 190 |
| total: | 19 | 3290g | / | 1115w |
| 0:03 | Peon |
| 0:03 | Peon |
| 0:03 | Peon |
| 0:08 | Altar of Storms |
| 0:14 | Orc Burrow |
| 0:33 | Voodoo Lounge |
| 0:41 | Peon |
| 1:05 | Peon |
| 1:05 | Peon |
| 1:24 | Peon |
| 1:36 | Barracks |
| 1:43 | Peon |
| 1:53 | Orc Burrow |
| 2:11 | Barracks |
| 2:18 | Feral Spirit |
| 2:42 | War Mill |
| 3:05 | Orc Burrow |
| 3:21 | Grunt |
| 3:34 | Pillage |
| 3:50 | Healing Salve |
| 3:51 | Healing Salve |
| 3:54 | Lesser Clarity Potion |
| 4:01 | Lesser Clarity Potion |
| 4:45 | Grunt |
| 4:48 | Chain Lighting |
| 5:34 | Grunt |
| 5:38 | Steel Armor |
| 5:44 | Steel Melee Weapons |
| 6:35 | Grunt |
| 6:43 | Chain Lighting |
| 7:00 | Grunt |
| 7:38 | Grunt |
| 7:55 | Orc Burrow |
| 8:14 | Stronghold |
| 8:34 | Spiked Barricades |
| 8:58 | Grunt |
| 9:06 | Orc Burrow |
| 9:33 | Grunt |
| 10:31 | Grunt |
| 10:35 | Berserker Strength |
| 10:37 | Thorium Armor |
| 12:00 | Healing Wave |
| 12:12 | Thorium Melee Weapons |
| 12:14 | Fortress |
| 13:00 | Great Hall |
| 13:40 | Hex |
| 13:57 | Tauren Totem |
| 14:02 | Tauren Totem |
| 14:18 | Orc Burrow |
| 14:23 | Orc Burrow |
| 15:48 | Tauren |
| 15:54 | Peon |
| 15:54 | Peon |
| 15:54 | Peon |
| 16:36 | Tauren |
| 16:40 | Tauren |
| 17:05 | Tauren |
| 17:22 | Tauren |
| 17:40 | Grunt |
| 17:46 | Grunt |
| 18:11 | Scroll of Town Portal |
| 19:25 | Orc Burrow |
| 19:28 | Orc Burrow |
| 19:31 | Orc Burrow |
| 19:35 | Orc Burrow |
| 19:54 | Scroll of Town Portal |
| 20:00 | Scroll of Healing |
| 20:56 | Peon |
| 20:56 | Peon |
| 20:56 | Peon |
| 20:56 | Peon |
| 20:57 | Peon |
| 21:04 | Peon |
| 21:04 | Peon |
| 21:13 | Peon |
| 21:13 | Peon |
| 21:53 | Arcanite Melee Weapons |
| 23:04 | Tauren |
| 23:09 | Tauren |
| 23:25 | Tauren |
| 23:44 | Tauren |
| 24:06 | Arcanite Armor |
| 24:32 | Tauren |
| 24:34 | Tauren |
| Right click | 648 |
| Select | 398 |
| Build/train/purchase | 74 |
| Use ability | 29 |
| Select group | 14 |
| Assign group | 13 |
| Misc. action | 4 |
| Remove unit | 1 |


| Healing Salve | 1 | 100 |
| Scroll of Speed | 1 | 50 |
| Potion of Healing | 1 | 150 |
| Scroll of Town Portal | 2 | 700 |
| total: | 5 | 1000g |
| Peon | 10 | 750 | / | 0 |
| Troll Headhunter | 9 | 1260 | / | 180 |
| Spirit Walker | 1 | 195 | / | 35 |
| Tauren | 8 | 2240 | / | 640 |
| Troll Berserker | 8 | 1120 | / | 160 |
| total: | 36 | 5565g | / | 1015w |
| Orc Burrow | 8 | 1280 | / | 320 |
| War Mill | 1 | 205 | / | 0 |
| Barracks | 1 | 180 | / | 50 |
| Altar of Storms | 1 | 180 | / | 50 |
| Voodoo Lounge | 1 | 130 | / | 30 |
| Great Hall | 1 | 385 | / | 185 |
| Tauren Totem | 1 | 135 | / | 155 |
| Stronghold | 1 | 315 | / | 190 |
| Fortress | 1 | 325 | / | 190 |
| total: | 14 | 2495g | / | 790w |
| 0:04 | Peon |
| 0:04 | Peon |
| 0:21 | Orc Burrow |
| 0:28 | War Mill |
| 0:35 | Peon |
| 0:40 | Barracks |
| 1:08 | Peon |
| 1:10 | Altar of Storms |
| 1:15 | Peon |
| 1:44 | Peon |
| 1:55 | Troll Headhunter |
| 2:10 | Orc Burrow |
| 2:39 | Troll Headhunter |
| 3:11 | Voodoo Lounge |
| 3:15 | Stronghold |
| 3:18 | Troll Headhunter |
| 3:27 | Feral Spirit |
| 3:32 | Steel Ranged Weapons |
| 3:47 | Troll Headhunter |
| 4:34 | Orc Burrow |
| 4:36 | Troll Headhunter |
| 4:38 | Spiked Barricades |
| 5:35 | Orc Burrow |
| 6:05 | Thorium Ranged Weapons |
| 7:07 | Tauren Totem |
| 7:10 | Chain Lighting |
| 7:11 | Shockwave |
| 7:28 | Peon |
| 7:29 | Peon |
| 7:51 | Great Hall |
| 8:45 | Fortress |
| 8:54 | War Stomp |
| 9:49 | Chain Lighting |
| 10:34 | Healing Salve |
| 10:35 | Scroll of Town Portal |
| 10:59 | Troll Headhunter |
| 11:00 | Troll Headhunter |
| 11:00 | Troll Headhunter |
| 11:15 | Peon |
| 11:15 | Peon |
| 11:21 | Spirit Walker |
| 11:22 | Tauren |
| 11:23 | Tauren |
| 11:45 | Improved Spiked Barricades |
| 11:51 | Steel Melee Weapons |
| 11:52 | Steel Armor |
| 12:02 | Troll Headhunter |
| 12:08 | Berserker Upgrade |
| 12:30 | Orc Burrow |
| 13:48 | Orc Burrow |
| 13:50 | Tauren |
| 13:51 | Tauren |
| 13:55 | Troll Berserker |
| 13:56 | Troll Berserker |
| 13:57 | Troll Regeneration |
| 15:03 | Orc Burrow |
| 16:11 | Shockwave |
| 16:50 | Tauren |
| 16:50 | Tauren |
| 16:52 | Troll Berserker |
| 16:52 | Troll Berserker |
| 16:52 | Troll Berserker |
| 16:52 | Troll Berserker |
| 17:08 | Orc Burrow |
| 18:14 | Troll Berserker |
| 18:18 | Arcanite Ranged Weapons |
| 18:20 | Tauren |
| 18:32 | Troll Berserker |
| 18:37 | Scroll of Speed |
| 18:38 | Potion of Healing |
| 19:26 | Tauren |
| 19:33 | Pulverize |
| 19:40 | Feral Spirit |
| 20:15 | Thorium Melee Weapons |
| 21:36 | Scroll of Town Portal |
| Right click | 727 |
| Select group | 309 |
| Select | 266 |
| Build/train/purchase | 74 |
| Assign group | 23 |
| Use ability | 20 |
| Misc. action | 19 |
⇛